[ AOE2 MATCH · #505706042 ]
UnrankedBritons vs Bengalis
Player's team · WIN
Rival team · LOSS
[ REPLAY ANALYSIS · EXTRACTED FROM THE RECORDED GAME ]
Feudal
11:23
Castle
15:43
Imperial
40:31
| APM avg | 58.1 |
| APM peak | 85 |
| eAPM avg | 27.6 |
| Villagers / military | 141 / 99 |
Focus
⚔️ 35.4% · 🌾 64.6%
Scout Cavalry ×49 · Longbowman ×29 · Archer ×15 · Militia ×3 · Mangonel ×3
Feudal
13:57
Castle
18:58
Imperial
—
| APM avg | 55.6 |
| APM peak | 101 |
| eAPM avg | 28.0 |
| Villagers / military | 104 / 75 |
Focus
⚔️ 40.5% · 🌾 59.5%
Monk ×41 · Spearman ×15 · Mangonel ×13 · Militia ×6
Match map
Initial resources + every placement click. Lines = walls · curves = elevation contours. ◆ gold · ⬟ stone · ● berries · ✦ relic · ◌ wall gap
Your base· ✓ Closed at 15:43 · 27t walls · no gate
[bK] Faraday__'s base· ✓ Closed at 18:58 · 31t walls · no gate
Smoothed initial terrain · ◌ = detected wall gap · hover for details
Inputs per minute
— link_chaos - - [bK] Faraday__
Build order — link_chaos
First 150 of 415 actions detected
| 0:00 | Create | Villager (Male) |
| 0:00 | Create | Villager (Male) |
| 0:02 | Build | House |
| 0:02 | Build | House |
| 0:19 | Create | Villager (Male) |
| 0:19 | Create | Villager (Male) |
| 1:23 | Create | Villager (Male) |
| 1:23 | Create | Villager (Male) |
| 1:35 | Build | Lumber Camp |
| 2:02 | Create | Villager (Male) |
| 2:12 | Build | House |
| 2:26 | Create | Villager (Male) |
| 2:38 | Create | Militia |
| 2:47 | Build | House |
| 2:54 | Create | Villager (Male) |
| 3:05 | Create | Militia |
| 3:23 | Create | Villager (Male) |
| 3:45 | Create | Villager (Male) |
| 4:04 | Create | Villager (Male) |
| 4:23 | Create | Militia |
| 4:34 | Create | Villager (Male) |
| 4:51 | Create | Villager (Male) |
| 5:16 | Build | Mill |
| 5:18 | Create | Villager (Male) |
| 5:48 | Create | Villager (Male) |
| 6:04 | Build | House |
| 6:14 | Create | Villager (Male) |
| 6:32 | Create | Villager (Male) |
| 6:34 | Build | Palisade Wall |
| 6:37 | Build | Palisade Wall |
| 6:38 | Build | Palisade Wall |
| 6:39 | Build | Palisade Wall |
| 6:40 | Create | Villager (Male) |
| 6:46 | Create | Villager (Male) |
| 6:54 | Create | Villager (Male) |
| 7:06 | Create | Villager (Male) |
| 7:19 | Build | House |
| 7:20 | Build | Palisade Wall |
| 7:28 | Build | Palisade Wall |
| 7:29 | Build | Palisade Wall |
| 7:46 | Build | Palisade Wall |
| 7:48 | Create | Villager (Male) |
| 7:54 | Build | Palisade Wall |
| 7:58 | Create | Villager (Male) |
| 8:02 | Create | Villager (Male) |
| 8:09 | Build | Mining Camp |
| 8:54 | Research | Feudal Age |
| 9:50 | Build | Mill |
| 10:39 | Build | House |
| 10:41 | Build | Palisade Wall |
| 10:52 | Create | Villager (Male) |
| 10:52 | Create | Villager (Male) |
| 11:23 | Age | Feudal Age |
| 11:27 | Build | Archery Range |
| 11:29 | Build | Blacksmith |
| 11:30 | Create | Villager (Male) |
| 11:42 | Build | Palisade Wall |
| 11:48 | Build | Palisade Wall |
| 12:01 | Research | Loom |
| 12:18 | Create | Archer |
| 13:00 | Research | Castle Age |
| 13:27 | Create | Archer |
| 13:38 | Research | Double-Bit Axe |
| 14:04 | Research | Fletching |
| 14:20 | Create | Archer |
| 14:36 | Build | Farm |
| 14:37 | Build | Farm |
| 14:39 | Build | Farm |
| 14:47 | Create | Villager (Male) |
| 15:05 | Create | Villager (Male) |
| 15:07 | Build | Palisade Wall |
| 15:18 | Create | Archer |
| 15:21 | Create | Archer |
| 15:29 | Create | Villager (Male) |
| 15:43 | Age | Castle Age |
| 15:57 | Research | Bodkin Arrow |
| 16:04 | Build | Palisade Gate |
| 16:09 | Build | Palisade Gate |
| 16:11 | Build | Palisade Wall |
| 16:17 | Create | Archer |
| 16:20 | Create | Villager (Male) |
| 16:26 | Build | Farm |
| 16:43 | Build | Siege Workshop |
| 16:52 | Create | Archer |
| 17:04 | Create | Villager (Male) |
| 17:05 | Research | Bow Saw |
| 17:09 | Build | House |
| 17:11 | Build | House |
| 17:15 | Build | Farm |
| 17:16 | Build | Farm |
| 17:24 | Create | Villager (Male) |
| 17:31 | Build | Farm |
| 17:46 | Build | House |
| 17:57 | Create | Mangonel |
| 17:57 | Create | Villager (Male) |
| 17:57 | Create | Villager (Male) |
| 18:08 | Build | House |
| 18:11 | Create | Villager (Male) |
| 18:30 | Research | Crossbowman (upgrade) |
| 18:35 | Build | Palisade Wall |
| 18:37 | Build | Palisade Wall |
| 18:52 | Create | Villager (Male) |
| 18:58 | Build | Farm |
| 18:59 | Build | Farm |
| 19:00 | Build | Farm |
| 19:01 | Create | Villager (Male) |
| 19:03 | Create | Villager (Male) |
| 19:13 | Create | Archer |
| 19:30 | Create | Archer |
| 19:32 | Create | Villager (Male) |
| 19:36 | Create | Villager (Male) |
| 19:44 | Build | Town Center |
| 20:07 | Create | Villager (Male) |
| 20:07 | Create | Villager (Male) |
| 20:12 | Create | Archer |
| 20:47 | Create | Villager (Male) |
| 20:53 | Create | Villager (Male) |
| 20:58 | Build | Town Center |
| 20:58 | Create | Villager (Male) |
| 21:20 | Create | Villager (Male) |
| 21:24 | Create | Archer |
| 21:58 | Create | Villager (Male) |
| 22:02 | Create | Villager (Male) |
| 22:02 | Create | Villager (Male) |
| 22:02 | Create | Villager (Male) |
| 22:06 | Build | Farm |
| 22:07 | Build | Farm |
| 22:08 | Build | Farm |
| 22:08 | Build | Farm |
| 22:16 | Build | House |
| 22:19 | Create | Mangonel |
| 22:20 | Create | Villager (Male) |
| 22:33 | Create | Archer |
| 22:34 | Create | Villager (Male) |
| 22:52 | Create | Villager (Male) |
| 22:56 | Build | Mining Camp |
| 23:01 | Build | Farm |
| 23:06 | Create | Villager (Male) |
| 23:11 | Build | House |
| 23:13 | Create | Archer |
| 23:13 | Create | Archer |
| 23:22 | Create | Villager (Male) |
| 23:25 | Build | Farm |
| 23:26 | Build | Farm |
| 23:28 | Build | Farm |
| 23:29 | Create | Villager (Male) |
| 23:35 | Create | Archer |
| 23:44 | Create | Villager (Male) |
| 23:44 | Create | Villager (Male) |
| 23:53 | Build | Farm |
Build order — [bK] Faraday__
First 150 of 292 actions detected
| 0:12 | Create | Villager (Male) |
| 0:13 | Create | Villager (Male) |
| 0:13 | Create | Villager (Male) |
| 0:13 | Create | Villager (Male) |
| 0:14 | Build | House |
| 0:15 | Build | House |
| 1:33 | Create | Villager (Male) |
| 2:10 | Build | Lumber Camp |
| 2:15 | Create | Villager (Male) |
| 2:16 | Create | Villager (Male) |
| 2:21 | Build | House |
| 2:34 | Create | Villager (Male) |
| 2:35 | Create | Villager (Male) |
| 2:53 | Create | Villager (Male) |
| 3:02 | Build | House |
| 3:36 | Create | Villager (Male) |
| 3:37 | Create | Villager (Male) |
| 3:37 | Create | Villager (Male) |
| 3:54 | Build | Palisade Wall |
| 4:06 | Build | Palisade Wall |
| 4:07 | Create | Villager (Male) |
| 4:23 | Build | Palisade Wall |
| 4:30 | Create | Militia |
| 4:37 | Create | Villager (Male) |
| 4:52 | Build | Palisade Wall |
| 4:53 | Build | Palisade Wall |
| 4:58 | Build | Palisade Wall |
| 5:03 | Create | Militia |
| 5:12 | Build | Palisade Wall |
| 5:13 | Build | House |
| 5:17 | Create | Villager (Male) |
| 5:18 | Create | Villager (Male) |
| 5:27 | Build | Palisade Wall |
| 5:41 | Build | Palisade Wall |
| 5:42 | Build | Palisade Wall |
| 6:03 | Create | Villager (Male) |
| 6:46 | Create | Militia |
| 6:48 | Create | Villager (Male) |
| 6:48 | Create | Villager (Male) |
| 7:21 | Create | Villager (Male) |
| 7:21 | Create | Villager (Male) |
| 7:24 | Build | Mill |
| 7:39 | Create | Villager (Male) |
| 7:39 | Create | Villager (Male) |
| 8:07 | Create | Villager (Male) |
| 8:07 | Create | Villager (Male) |
| 8:24 | Create | Militia |
| 8:46 | Build | Mining Camp |
| 8:47 | Create | Villager (Male) |
| 8:47 | Create | Villager (Male) |
| 9:00 | Create | Villager (Male) |
| 9:01 | Create | Villager (Male) |
| 9:01 | Create | Villager (Male) |
| 9:17 | Build | Mill |
| 9:28 | Create | Militia |
| 9:32 | Create | Villager (Male) |
| 10:13 | Create | Villager (Male) |
| 10:33 | Create | Villager (Male) |
| 11:03 | Create | Villager (Male) |
| 11:05 | Create | Militia |
| 11:25 | Build | House |
| 11:26 | Create | Villager (Male) |
| 11:47 | Research | Feudal Age |
| 11:47 | Research | Feudal Age |
| 11:47 | Research | Feudal Age |
| 11:47 | Research | Feudal Age |
| 13:57 | Age | Feudal Age |
| 13:58 | Create | Villager (Male) |
| 14:03 | Build | Market |
| 14:08 | Build | Blacksmith |
| 14:15 | Create | Villager (Male) |
| 14:21 | Research | Man-at-Arms (upgrade) |
| 14:29 | Build | Farm |
| 14:31 | Build | Farm |
| 14:34 | Build | Farm |
| 14:36 | Build | Farm |
| 14:43 | Build | House |
| 14:45 | Build | Palisade Wall |
| 14:49 | Create | Villager (Male) |
| 15:16 | Create | Villager (Male) |
| 15:20 | Research | Loom |
| 15:20 | Research | Loom |
| 15:24 | Build | House |
| 15:58 | Build | House |
| 16:18 | Research | Castle Age |
| 16:19 | Research | Castle Age |
| 16:19 | Research | Castle Age |
| 16:19 | Research | Castle Age |
| 16:19 | Research | Castle Age |
| 16:19 | Research | Castle Age |
| 17:06 | Build | Lumber Camp |
| 17:14 | Research | Double-Bit Axe |
| 17:14 | Research | Double-Bit Axe |
| 17:14 | Research | Double-Bit Axe |
| 17:14 | Research | Double-Bit Axe |
| 17:14 | Research | Double-Bit Axe |
| 17:14 | Research | Double-Bit Axe |
| 17:46 | Build | House |
| 17:55 | Build | Palisade Wall |
| 18:58 | Build | Stone Wall |
| 18:58 | Age | Castle Age |
| 19:03 | Build | House |
| 19:08 | Build | Siege Workshop |
| 19:09 | Create | Villager (Male) |
| 19:15 | Build | Stone Wall |
| 19:22 | Create | Villager (Male) |
| 19:39 | Create | Villager (Male) |
| 19:49 | Create | Mangonel |
| 20:06 | Create | Villager (Male) |
| 20:28 | Build | Town Center |
| 20:29 | Build | Palisade Wall |
| 20:43 | Create | Villager (Male) |
| 20:51 | Create | Villager (Male) |
| 20:53 | Create | Mangonel |
| 20:57 | Create | Villager (Male) |
| 20:58 | Create | Villager (Male) |
| 20:58 | Create | Villager (Male) |
| 21:53 | Build | Stone Wall |
| 21:57 | Create | Villager (Male) |
| 22:07 | Create | Villager (Male) |
| 22:11 | Build | Siege Workshop |
| 22:21 | Build | Stone Wall |
| 22:33 | Create | Villager (Male) |
| 22:37 | Build | Monastery |
| 22:59 | Create | Mangonel |
| 23:00 | Create | Villager (Male) |
| 23:07 | Create | Villager (Male) |
| 23:07 | Create | Villager (Male) |
| 23:08 | Create | Villager (Male) |
| 23:15 | Build | House |
| 23:21 | Create | Mangonel |
| 23:24 | Build | Farm |
| 23:28 | Create | Villager (Male) |
| 23:29 | Create | Villager (Male) |
| 23:46 | Build | Monastery |
| 23:47 | Create | Monk |
| 24:18 | Create | Villager (Male) |
| 24:18 | Create | Villager (Male) |
| 24:21 | Create | Mangonel |
| 24:25 | Create | Villager (Male) |
| 24:57 | Create | Monk |
| 25:04 | Build | House |
| 25:08 | Create | Villager (Male) |
| 25:08 | Create | Villager (Male) |
| 25:13 | Build | Mining Camp |
| 25:25 | Research | Sanctity |
| 25:29 | Build | House |
| 25:32 | Create | Villager (Male) |
| 25:32 | Create | Villager (Male) |
| 25:35 | Build | House |
Match timeline
| 3:54 | [bK] Faraday__ · wall_segment Palisade Wall x3 |
| 4:06 | [bK] Faraday__ · wall_segment Palisade Wall x2 |
| 4:23 | [bK] Faraday__ · wall_segment Palisade Wall x4 |
| 4:52 | [bK] Faraday__ · wall_segment Palisade Wall x1 |
| 4:53 | [bK] Faraday__ · wall_segment Palisade Wall x1 |
| 4:58 | [bK] Faraday__ · wall_segment Palisade Wall x6 |
| 5:12 | [bK] Faraday__ · wall_segment Palisade Wall x5 |
| 5:27 | [bK] Faraday__ · wall_segment Palisade Wall x3 |
| 5:41 | [bK] Faraday__ · wall_segment Palisade Wall x1 |
| 5:42 | [bK] Faraday__ · wall_segment Palisade Wall x1 |
| 6:34 | link_chaos · wall_segment Palisade Wall x1 |
| 6:37 | link_chaos · wall_segment Palisade Wall x1 |
| 6:38 | link_chaos · wall_segment Palisade Wall x1 |
| 6:39 | link_chaos · wall_segment Palisade Wall x4 |
| 7:20 | link_chaos · wall_segment Palisade Wall x6 |
| 7:28 | link_chaos · wall_segment Palisade Wall x1 |
| 7:29 | link_chaos · wall_segment Palisade Wall x1 |
| 7:46 | link_chaos · wall_segment Palisade Wall x2 |
| 7:54 | link_chaos · wall_segment Palisade Wall x1 |
| 10:41 | link_chaos · wall_segment Palisade Wall x7 |
| 11:23 | link_chaos · age_up feudal |
| 11:27 | link_chaos · first_building Archery Range |
| 11:42 | link_chaos · wall_segment Palisade Wall x1 |
| 11:48 | link_chaos · wall_segment Palisade Wall x1 |
| 13:57 | [bK] Faraday__ · age_up feudal |
| 14:45 | [bK] Faraday__ · wall_segment Palisade Wall x1 |
| 15:00 | [bK] Faraday__ · first_market_sell 500 wood |
| 15:00 | [bK] Faraday__ · first_market_buy 100 food |
| 15:07 | link_chaos · wall_segment Palisade Wall x1 |
| 15:43 | link_chaos · age_up castle |
| 16:11 | link_chaos · wall_segment Palisade Wall x1 |
| 16:43 | link_chaos · first_building Siege Workshop |
| 17:55 | [bK] Faraday__ · wall_segment Palisade Wall x1 |
| 18:35 | link_chaos · wall_segment Palisade Wall x1 |
| 18:37 | link_chaos · wall_segment Palisade Wall x2 |
| 18:58 | [bK] Faraday__ · wall_segment Stone Wall x2 |
| 18:58 | [bK] Faraday__ · age_up castle |
| 19:08 | [bK] Faraday__ · first_building Siege Workshop |
| 19:15 | [bK] Faraday__ · wall_segment Stone Wall x1 |
| 20:29 | [bK] Faraday__ · wall_segment Palisade Wall x1 |
| 21:53 | [bK] Faraday__ · wall_segment Stone Wall x1 |
| 22:21 | [bK] Faraday__ · wall_segment Stone Wall x1 |
| 22:37 | [bK] Faraday__ · first_building Monastery |
| 25:02 | link_chaos · first_market_buy 100 food |
| 25:03 | link_chaos · first_building Stable |
| 27:00 | link_chaos · first_building Monastery |
| 28:08 | [bK] Faraday__ · first_building Barracks |
| 30:13 | link_chaos · first_building Castle |
| 31:27 | link_chaos · first_market_sell 100 wood |
| 32:25 | [bK] Faraday__ · wall_segment Stone Wall x1 |
| 32:38 | [bK] Faraday__ · wall_segment Stone Wall x1 |
| 32:40 | [bK] Faraday__ · wall_segment Stone Wall x1 |
| 32:40 | [bK] Faraday__ · wall_segment Stone Wall x1 |
| 32:42 | [bK] Faraday__ · wall_segment Stone Wall x1 |
| 40:31 | link_chaos · age_up imperial |
| 40:40 | [bK] Faraday__ · resign |
[ AI ANALYSIS · 1 CREDIT ]
What really happened in this match?
Wolo.gg analyzes every decision: build order, eco, micro, common mistakes by bracket. Personalized analysis on WhatsApp or Discord in 30 seconds.
Civ guide
Britons
Perfil
link_chaos